 Dungeon Crawl Stone Soup version 0.31-a0-182-gc5ef74bbde (webtiles) character file.

Game seed: 16697806292985691062

18039 qw the Cleaver (level 12, 0/76 HPs)
             Began as a Gargoyle Fighter on June 21, 2023.
             Was an Elder of Okawaru.
             Shot with an arrow by Nessos (1 damage)
             ... on level 3 of the Lair of Beasts.
             The game lasted 00:06:35 (11861 turns).

qw the Cleaver (Gargoyle Fighter)                  Turns: 11861, Time: 00:06:36

Health: 0/76       AC: 25    Str: 24    XL:     12   Next: 54%
Magic:  16/16      EV: 13    Int: 10    God:    Okawaru [****..]
Gold:   995        SH: 10    Dex:  9    Spells: 11/11 levels left

rFire   . . .        Y - +3 war axe
rCold   . . .        n - +0 kite shield
rNeg    + . .        h - +0 chain mail
rPois   inf          b - +0 helmet
rElec   +            f - +0 cloak
rCorr   .            g - +0 pair of gloves
SInv    .            p - +0 pair of boots
Will    .....        (no amulet) Stlth
                     l - +5 ring of evasion
HPRegen 0.32/turn    (no ring)
MPRegen 0.15/turn

%: no passive effects
@: about to teleport
A: sickness immunity, AC +8, negative energy resistance 1, electricity
resistance, torment resistance 1, petrification resistance
a: Renounce Religion, Heroism, Finesse


You were on level 3 of the Lair of Beasts.
You worshipped Okawaru.
Okawaru was greatly pleased with you.
You visited 3 branches of the dungeon, and saw 13 of its levels.
You also visited: Sewer.

You collected 995 gold pieces.


Innate Abilities, Weirdness & Mutations

You are immune to sickness and miasma.
Your stone body is resilient. (AC +8)
You are immune to poison.
You resist negative energy. (rN+)
You are resistant to electric shocks. (rElec)
You are resistant to unholy torment.
You are immune to petrification.


   Skills:
 + Level 9.5 Fighting
 - Level 12.0 Axes
 - Level 3.0 Throwing
 - Level 8.3 Armour
 - Level 2.1 Dodging
 - Level 10.6 Shields
 + Level 6.1 Invocations


You had 11 spell levels left.
You didn't know any spells.
Your spell library was empty.

Inventory:

Hand Weapons
 r - a +0 morningstar
 Y - a +3 war axe (weapon)
Missiles
 c - 3 javelins
 i - 2 boomerangs (quivered)
Armour
 b - a +0 helmet (worn)
 f - a +0 cloak (worn)
 g - a +0 pair of gloves (worn)
 h - a +0 chain mail (worn)
 n - a +0 kite shield (worn)
 p - a +0 pair of boots (worn)
Jewellery
 k - the amulet "Hulypri" {Spirit Dex+3 Stlth+}
   (You found it on level 4 of the Dungeon)

   [amulet of guardian spirit]

   It causes incoming damage to be divided between your reserves of health and
   magic.
   Dex:       It affects your dexterity (+3).
   Stlth:     It makes you more stealthy.
 l - a +5 ring of evasion (left hand)
Scrolls
 m - 4 scrolls of identify
Potions
 d - 3 potions of might
 e - 4 potions of enlightenment

Dungeon Overview and Level Annotations

Branches:
Dungeon (9/15)             Temple (1/1) D:7            Lair (3/5) D:9
  Sewer (visited)
  Swamp: Lair:2-3    Shoals: Lair:2-3     Snake: Lair:2-3    Spider: Lair:2-3
    Orc: D:9-12

Altars:
Ashenzari
Cheibriados
Dithmenos
Elyvilon
Fedhas
Gozag
Hepliaklqana
Kikubaaqudgha
Makhleb
Nemelex Xobeh
Okawaru
Qazlal
Ru
Sif Muna
Trog
Uskayaw
Vehumet
Wu Jian
Xom
Yredelemnul
Zin
The Shining One

Annotations:
D:3 3 runed translucent doors, qw's ghost, novice GrFi
D:4 exclusion: dart slug
Lair:3 Nessos


Message History

Enter note:
Enter note:
Enter note:
Enter note:
Enter note:
Enter note:
Enter note:
Enter note:
Enter note:
Enter note:
Enter note:
Enter note:
Enter note:
Enter note:
Enter note: You slash Nessos!
Nessos is lightly wounded.
Nessos hits you but does no damage. Nessos kicks you but does no damage.
Nessos misses you. Nessos kicks you but does no damage. Nessos hits you.
Nessos kicks you but does no damage.
You completely miss Nessos.
Nessos is lightly wounded.
Nessos hits you. Nessos kicks you but does no damage.
Nessos hits you but does no damage. You block Nessos's attack.
You slash Nessos!
Nessos is moderately wounded.
Nessos hits you but does no damage. Nessos misses you.
Nessos mumbles some strange words.
Nessos blinks!
11859 ||| Stepping ~*~*~tactically~*~*~ (hiding).
Nessos wields a +3 longbow of flaming.
It bursts into flame!
Nessos shoots an arrow.
You block the arrow.
Nessos shoots an arrow.
The arrow hits you!! The arrow burns you.
Nessos shoots an arrow.
The arrow hits you!! The arrow burns you!
Nessos shoots an arrow.
The arrow hits you! The arrow burns you!
11861 ||| READING scroll of teleportation.
As you read the scroll of teleportation, it crumbles to dust.
You feel strangely unstable.
Nessos shoots an arrow.
The arrow hits you. The arrow burns you.
You die...

.....>.................
.....#.###.##..........
.....########...P..#.# .#
.....PP#.###....#..######..#
...............##.......#..
....#.....###..##.......?..
...##......##..#........## P##
..##...######..#.........#.P.#
###.^^## ####%.#@.......##.PP
^.^^^####.#....#..#.##....#
#^^^.##..........###.......#
....^#.....................#
#.....................##
......c.....c.........P#
#...............###.....##
##................# ##.#...#
#...###.##.###....)####..#.P##


You could see Nessos (fast).

Vanquished Creatures
  A hydra (Lair:3)
  4 death yaks (Lair:1)
  Pikel (D:6)
  3 black mambas
  A gargoyle (D:8)
  5 cane toads
  4 komodo dragons
  A rime drake (Lair:1)
  A troll (D:9)
  Grinder (D:6)
  3 fire bats (Lair:2)
  2 wyverns
  9 yaks
  Grum (D:9)
  2 steam dragons
  6 vampire mosquitoes (Lair:1)
  3 wargs (D:9)
  An acid dragon (D:9)
  8 water moccasins
  2 orc warriors
  3 black bears
  Pargi (Sewer)
  A swamp drake (Lair:1)
  2 sky beasts
  2 centaurs (D:7)
  An ogre (D:6)
  21 wolves
  A phantom (D:4)
  4 lemures (D:6)
  9 bullfrogs
  Blork the orc (D:5)
  2 scorpions
  21 wights
  4 lava snakes (Lair:2)
  4 hounds
  A jelly (D:4)
  A gnoll bouda (D:7)
  8 orc priests
  Ijyb (D:3)
  3 iguanas (D:5)
  10 orc wizards
  2 sleepcaps (D:6)
  A hell rat (Lair:3)
  5 gnolls
  6 adders
  8 river rats (Lair:3)
  A shadow imp (D:4)
  A white imp (D:6)
  4 worms
  6 dart slugs
  25 orcs
  4 endoplasms
  4 giant cockroaches
  8 hobgoblins
  9 jackals
  3 quokkas
  2 ball pythons (D:1)
  8 bats
  3 frilled lizards
  7 goblins
  13 kobolds
  3 rats
283 creatures vanquished.

Notes
Turn   | Place    | Note
-------+----------+-------------------------------------------
     0 | D:1      | qw the Gargoyle Fighter began the quest for the Orb.
     0 | D:1      | Reached XP level 1. HP: 14/14 MP: 1/1
     0 | D:1      | 0 ||| qw: Version: 0.3-a-9-g12657ce
     0 | D:1      | 0 ||| qw: Game counter: 1541
     0 | D:1      | 0 ||| qw: Always use a shield: true
     0 | D:1      | 0 ||| qw: God list: Okawaru
     0 | D:1      | 0 ||| qw: Allow faded altars: false
     0 | D:1      | 0 ||| qw: Do Orc after D:15 true
     0 | D:1      | 0 ||| qw: Do second Lair branch before Depths: true
     0 | D:1      | 0 ||| qw: Lair rune preference: random
     0 | D:1      | 0 ||| qw: Plans: Normal, Zot:1-4, Slime:5, God:TSO, Crypt,
                  | Tomb, Abyss, Pan, Hells, Win
     0 | D:1      | 0 ||| PLANNING D:1-11
    49 | D:1      | Reached skill level 2 in Axes
    73 | D:1      | 73 ||| Stepping ~*~*~tactically~*~*~ (stealth).
   101 | D:1      | Reached XP level 2. HP: 15/19 MP: 2/2
   181 | D:1      | 181 ||| Stepping ~*~*~tactically~*~*~ (hiding).
   243 | D:1      | 243 ||| Stepping ~*~*~tactically~*~*~ (stealth).
   261 | D:1      | 261 ||| Stepping ~*~*~tactically~*~*~ (stealth).
   315 | D:1      | Found a faded altar of an unknown god.
   427 | D:1      | Reached skill level 3 in Axes
   469 | D:1      | Reached XP level 3. HP: 23/23 MP: 3/3
  1291 | D:2      | 1291 ||| Stepping ~*~*~tactically~*~*~ (hiding).
  1825 | D:2      | 1825 ||| UPGRADING to +5 ring of evasion.
  1826 | D:2      | 1826 ||| READING scroll labelled YNNAUCEMEY.
  1827 | D:2      | 1827 ||| READING scroll labelled XETE VUYTZ.
  1828 | D:2      | 1828 ||| READING scroll labelled VEECUA XEH XAC.
  1829 | D:2      | 1829 ||| DRINKING 2 white potions.
  1871 | D:3      | 1871 ||| PLANNING SEWER
  1984 | D:3      | 1984 ||| Stepping ~*~*~tactically~*~*~ (hiding).
  1985 | D:3      | 1985 ||| Stepping ~*~*~tactically~*~*~ (hiding).
  1986 | D:3      | 1986 ||| Stepping ~*~*~tactically~*~*~ (hiding).
  1987 | D:3      | 1987 ||| Stepping ~*~*~tactically~*~*~ (hiding).
  2019 | D:3      | Found a glowing drain.
  2020 | D:3      | 2020 ||| READING scroll labelled BUXANW TOACAM.
  2029 | D:3      | Reached XP level 4. HP: 28/28 MP: 4/4
  2029 | D:3      | 2029 ||| READING scroll labelled UWYCIENGOU.
  2072 | D:3      | 2072 ||| DRINKING 2 inky potions.
  2081 | Sewer    | Entered a sewer
  2103 | Sewer    | Reached skill level 4 in Axes
  2174 | Sewer    | Noticed Pargi
  2186 | Sewer    | Killed Pargi
  2187 | Sewer    | Reached skill level 5 in Axes
  2187 | Sewer    | Reached XP level 5. HP: 18/32 MP: 5/5
  2269 | Sewer    | 2269 ||| READING scroll labelled BADADI ROSTY.
  2285 | D:3      | 2285 ||| PLANNING D:1-11
  2293 | D:3      | Found a shimmering blue altar of Sif Muna.
  2428 | D:3      | 2428 ||| DROPPING +0 club.
  2435 | D:3      | Found a hazy altar of Hepliaklqana.
  2476 | D:3      | Noticed Ijyb
  2482 | D:3      | Killed Ijyb
  2570 | D:3      | 2570 ||| Stepping ~*~*~tactically~*~*~ (hiding).
  2691 | D:3      | Found a runed translucent gate.
  2691 | D:3      | Found a runed translucent gate.
  2691 | D:3      | Found a runed translucent gate.
  2727 | D:3      | Reached XP level 6. HP: 37/38 MP: 6/6
  2806 | D:3      | Noticed qw's ghost (novice GrFi)
  3092 | D:3      | 3092 ||| READING scroll labelled XABLE FAEPLAOS.
  3141 | D:4      | Reached skill level 1 in Dodging
  3248 | D:4      | Noticed a sky beast
  3265 | D:4      | Killed a sky beast
  3266 | D:4      | Reached skill level 6 in Axes
  3372 | D:4      | Reached XP level 7. HP: 43/43 MP: 7/7
  3400 | D:4      | Found a snail-covered altar of Cheibriados.
  3406 | D:4      | 3406 ||| UPGRADING to +0 chain mail.
  3409 | D:4      | 3409 ||| UPGRADING to +0 chain mail.
  3419 | D:4      | 3419 ||| DROPPING +0 scale mail.
  3703 | D:4      | Found a shadowy altar of Dithmenos.
  3748 | D:4      | Identified the amulet "Hulypri" {Spirit Dex+3 Stlth+}
  3757 | D:4      | 3757 ||| Stepping ~*~*~tactically~*~*~ (hiding).
  3758 | D:4      | 3758 ||| Stepping ~*~*~tactically~*~*~ (hiding).
  3930 | D:4      | 3930 ||| UPGRADING to +0 helmet.
  3935 | D:4      | 3935 ||| UPGRADING to amulet "Hulypri" {Spirit Dex+3
                  | Stlth+}.
  3961 | D:5      | Entered Level 5 of the Dungeon
  4084 | D:5      | Reached skill level 7 in Axes
  4102 | D:5      | 4102 ||| Stepping ~*~*~tactically~*~*~ (hiding).
  4118 | D:5      | Found a sparkling altar of Nemelex Xobeh.
  4176 | D:5      | Found a broken altar of Ashenzari.
  4176 | D:5      | Found a bloodstained altar of Trog.
  4432 | D:5      | Found a basalt altar of Yredelemnul.
  4446 | D:5      | Noticed Blork the orc
  4448 | D:5      | 4448 ||| Stepping ~*~*~tactically~*~*~ (hiding).
  4450 | D:5      | 4450 ||| Stepping ~*~*~tactically~*~*~ (hiding).
  4468 | D:5      | Killed Blork the orc
  4756 | D:5      | 4756 ||| UPGRADING to +0 kite shield.
  4766 | D:5      | 4766 ||| DROPPING +0 buckler.
  4767 | D:5      | 4767 ||| READING 2 scrolls of identify.
  4767 | D:5      | 4767 ||| IDENTIFYING silvery potion
  4787 | D:6      | 4787 ||| DRINKING potion of curing.
  4787 | D:6      | 4787 ||| (to cure confusion)
  4794 | D:6      | Reached XP level 8. HP: 46/49 MP: 5/8
  4838 | D:6      | 4838 ||| DROPPING +0 mace.
  4944 | D:6      | Noticed Pikel
  4945 | D:6      | 4945 ||| Stepping ~*~*~tactically~*~*~ (stealth).
  4977 | D:6      | Killed Pikel
  5187 | D:6      | 5187 ||| Stepping ~*~*~tactically~*~*~ (water).
  5232 | D:6      | Reached XP level 9. HP: 24/54 MP: 3/9
  5342 | D:6      | Reached skill level 8 in Axes
  5398 | D:6      | Noticed Grinder
  5400 | D:6      | 5400 ||| Stepping ~*~*~tactically~*~*~ (hiding).
  5402 | D:6      | 5402 ||| Stepping ~*~*~tactically~*~*~ (hiding).
  5414 | D:6      | 5414 ||| FLEEEEING.
  5416 | D:6      | 5416 ||| FLEEEEING.
  5417 | D:6      | 5417 ||| Stepping ~*~*~tactically~*~*~ (hiding).
  5419 | D:6      | Killed Grinder
  5420 | D:6      | Reached skill level 6 in Fighting
  5627 | D:6      | 5627 ||| UPGRADING to +0 cloak.
  5632 | D:6      | 5632 ||| READING scroll labelled OSSUTICREUQO.
  5633 | D:6      | 5633 ||| READING 2 scrolls of identify.
  5633 | D:6      | 5633 ||| IDENTIFYING murky dark potion
  5634 | D:6      | 5634 ||| DROPPING potion of invisibility.
  5667 | D:7      | 5667 ||| Stepping ~*~*~tactically~*~*~ (cloud).
  5670 | D:7      | 5670 ||| Stepping ~*~*~tactically~*~*~ (cloud).
  5752 | D:7      | 5752 ||| Stepping ~*~*~tactically~*~*~ (stealth).
  5753 | D:7      | 5753 ||| Stepping ~*~*~tactically~*~*~ (hiding).
  5753 | D:7      | Found a staircase to the Ecumenical Temple.
  5754 | D:7      | 5754 ||| PLANNING TEMPLE
  5755 | D:7      | 5755 ||| Stepping ~*~*~tactically~*~*~ (hiding).
  5756 | D:7      | 5756 ||| Stepping ~*~*~tactically~*~*~ (stealth).
  5820 | D:7      | 5820 ||| READING 2 scrolls of identify.
  5820 | D:7      | 5820 ||| IDENTIFYING red potion
  5821 | D:7      | 5821 ||| Stepping ~*~*~tactically~*~*~ (stealth).
  5822 | D:7      | 5822 ||| DROPPING potion of degeneration.
  5824 | D:7      | 5824 ||| Stepping ~*~*~tactically~*~*~ (stealth).
  5826 | D:7      | 5826 ||| Stepping ~*~*~tactically~*~*~ (hiding).
  5827 | D:7      | 5827 ||| Stepping ~*~*~tactically~*~*~ (hiding).
  5844 | Temple   | Entered the Ecumenical Temple
  5846 | Temple   | 5846 ||| PLANNING OKAWARU WORSHIP
  6108 | Temple   | Became a worshipper of Warmaster Okawaru
  6109 | Temple   | 6109 ||| PLANNING D:1-11
  6109 | Temple   | 6109 ||| REMOVING amulet "Hulypri" {Spirit Dex+3 Stlth+}.
  6148 | D:7      | 6148 ||| DROPPING +0 hand axe.
  6264 | D:7      | Reached skill level 9 in Axes
  6272 | D:7      | 6272 ||| Stepping ~*~*~tactically~*~*~ (hiding).
  6345 | D:7      | Found a radiant altar of Vehumet.
  6412 | D:7      | 6412 ||| UPGRADING to +0 pair of gloves.
  6431 | D:7      | 6431 ||| UPGRADING to +0 pair of boots.
  6530 | D:7      | 6530 ||| DROPPING +0 flail.
  6705 | D:7      | 6705 ||| READING scroll labelled ICZITT XYTOV.
  6706 | D:7      | 6706 ||| READING scroll labelled NONAOF PUALAW.
  6707 | D:7      | 6707 ||| READING scroll labelled ESTRAU XEJEN.
  6782 | D:8      | Reached XP level 10. HP: 63/63 MP: 10/10
  6833 | D:8      | 6833 ||| Stepping ~*~*~tactically~*~*~ (hiding).
  6836 | D:8      | 6836 ||| STAIRDANCE
  6943 | D:8      | 6943 ||| STAIRDANCE
  7176 | D:8      | Reached * piety under Okawaru
  7401 | D:8      | Noticed a gargoyle
  7416 | D:8      | Killed a gargoyle
  7417 | D:8      | Reached skill level 6 in Armour
  7417 | D:8      | Reached skill level 1 in Invocations
  7632 | D:8      | 7632 ||| INVOKING Heroism.
  7639 | D:8      | 7639 ||| Stepping ~*~*~tactically~*~*~ (cloud).
  7762 | D:9      | 7762 ||| INVOKING Heroism.
  7767 | D:9      | Reached skill level 9 in Shields
  7774 | D:9      | Reached skill level 3 in Invocations
  7780 | D:9      | 7780 ||| INVOKING Heroism.
  7785 | D:9      | Found a staircase to the Lair.
  7838 | D:9      | Noticed Grum
  7839 | D:9      | 7839 ||| INVOKING Heroism.
  7847 | D:9      | Killed Grum
  7943 | D:9      | 7943 ||| INVOKING Heroism.
  7949 | D:9      | Reached skill level 10 in Axes
  8126 | D:9      | 8126 ||| SWAPPING to +2 war axe.
  8127 | D:9      | 8127 ||| DROPPING +0 war axe.
  8128 | D:9      | 8128 ||| DROPPING +0 war axe of chaos.
  8131 | D:9      | 8131 ||| Stepping ~*~*~tactically~*~*~ (hiding).
  8144 | D:9      | 8144 ||| INVOKING Heroism.
  8513 | D:9      | 8513 ||| PLANNING LAIR
  8523 | Lair:1   | Entered Level 1 of the Lair of Beasts
  8554 | Lair:1   | Noticed a black mamba
  8555 | Lair:1   | 8555 ||| INVOKING Heroism.
  8563 | Lair:1   | Killed a black mamba
  8563 | Lair:1   | Reached ** piety under Okawaru
  8564 | Lair:1   | Reached XP level 11. HP: 54/68 MP: 12/14
  8794 | Lair:1   | Reached skill level 11 in Axes
  8794 | Lair:1   | 8794 ||| INVOKING Heroism.
  9036 | Lair:1   | 9036 ||| INVOKING Heroism.
  9037 | Lair:1   | 9037 ||| Stepping ~*~*~tactically~*~*~ (stealth).
  9077 | Lair:1   | 9077 ||| INVOKING Heroism.
  9093 | Lair:1   | Noticed a death yak
  9109 | Lair:1   | Killed a death yak
  9109 | Lair:1   | Reached *** piety under Okawaru
  9153 | Lair:1   | 9153 ||| INVOKING Heroism.
  9246 | Lair:1   | 9246 ||| INVOKING Heroism.
  9248 | Lair:1   | 9248 ||| Stepping ~*~*~tactically~*~*~ (stealth).
  9562 | Lair:1   | Noticed a death yak
  9562 | Lair:1   | Noticed a death yak
  9563 | Lair:1   | Noticed a death yak
  9563 | Lair:1   | 9563 ||| Stepping ~*~*~tactically~*~*~ (stealth).
  9564 | Lair:1   | 9564 ||| INVOKING Heroism.
  9572 | Lair:1   | Killed a death yak
  9573 | Lair:1   | Reached skill level 9 in Fighting
  9585 | Lair:1   | HP: 6/71 [death yak (18)]
  9586 | Lair:1   | 9586 ||| DRINKING potion of heal wounds.
  9588 | Lair:1   | 9588 ||| INVOKING Heroism.
  9589 | Lair:1   | Killed a death yak
  9592 | Lair:1   | HP: 17/71 [death yak (11)]
  9593 | Lair:1   | Killed a death yak
  9593 | Lair:1   | Reached **** piety under Okawaru
 10022 | Lair:1   | 10022 ||| READING scroll labelled ZOODIM CULAR.
 10023 | Lair:1   | 10023 ||| READING 4 scrolls of identify.
 10023 | Lair:1   | 10023 ||| IDENTIFYING pink potion
 10024 | Lair:1   | 10024 ||| DROPPING potion of brilliance.
 10060 | Lair:2   | 10060 ||| INVOKING Heroism.
 10183 | Lair:2   | 10183 ||| INVOKING Heroism.
 10187 | Lair:2   | Reached skill level 1 in Throwing
 10191 | Lair:2   | Reached XP level 12. HP: 39/76 MP: 13/15
 10234 | Lair:2   | 10234 ||| INVOKING Heroism.
 10268 | Lair:2   | 10268 ||| Stepping ~*~*~tactically~*~*~ (stealth).
 10269 | Lair:2   | 10269 ||| Stepping ~*~*~tactically~*~*~ (stealth).
 10270 | Lair:2   | 10270 ||| Stepping ~*~*~tactically~*~*~ (stealth).
 10271 | Lair:2   | 10271 ||| Stepping ~*~*~tactically~*~*~ (stealth).
 10277 | Lair:2   | 10277 ||| INVOKING Heroism.
 10429 | Lair:2   | 10429 ||| Stepping ~*~*~tactically~*~*~ (stealth).
 10431 | Lair:2   | 10431 ||| Stepping ~*~*~tactically~*~*~ (stealth).
 10442 | Lair:2   | Reached skill level 3 in Throwing
 10612 | Lair:2   | Reached skill level 12 in Axes
 10615 | Lair:2   | 10615 ||| INVOKING Heroism.
 11216 | Lair:2   | 11216 ||| DROPPING scarf of shadows.
 11217 | Lair:2   | 11217 ||| READING scroll labelled TOTZYT QALI.
 11257 | Lair:3   | 11257 ||| STAIRDANCE
 11333 | Lair:3   | 11333 ||| INVOKING Heroism.
 11414 | Lair:3   | Noticed a four-headed hydra
 11415 | Lair:3   | 11415 ||| INVOKING Heroism.
 11419 | Lair:3   | 11419 ||| SWAPPING to +0 morningstar.
 11421 | Lair:3   | Killed a four-headed hydra
 11421 | Lair:3   | Received a gift from Okawaru
 11422 | Lair:3   | 11422 ||| SWAPPING to +3 war axe.
 11509 | Lair:3   | 11509 ||| Stepping ~*~*~tactically~*~*~ (stealth).
 11510 | Lair:3   | 11510 ||| Stepping ~*~*~tactically~*~*~ (stealth).
 11512 | Lair:3   | 11512 ||| Stepping ~*~*~tactically~*~*~ (stealth).
 11585 | Lair:3   | 11585 ||| Stepping ~*~*~tactically~*~*~ (stealth).
 11612 | Lair:3   | 11612 ||| INVOKING Heroism.
 11616 | Lair:3   | Received a gift from Okawaru
 11623 | Lair:3   | Reached skill level 6 in Invocations
 11842 | Lair:3   | Noticed Nessos
 11843 | Lair:3   | 11843 ||| Stepping ~*~*~tactically~*~*~ (hiding).
 11844 | Lair:3   | 11844 ||| Stepping ~*~*~tactically~*~*~ (hiding).
 11847 | Lair:3   | 11847 ||| Stepping ~*~*~tactically~*~*~ (hiding).
 11848 | Lair:3   | 11848 ||| Stepping ~*~*~tactically~*~*~ (hiding).
 11850 | Lair:3   | 11850 ||| Stepping ~*~*~tactically~*~*~ (hiding).
 11852 | Lair:3   | 11852 ||| Stepping ~*~*~tactically~*~*~ (hiding).
 11859 | Lair:3   | 11859 ||| Stepping ~*~*~tactically~*~*~ (hiding).
 11860 | Lair:3   | HP: 11/76 [Nessos/arrow (17)]
 11860 | Lair:3   | HP: 4/76 [Nessos/arrow (7)]
 11861 | Lair:3   | 11861 ||| READING scroll of teleportation.
 11861 | Lair:3   | HP: 1/76 [Nessos/arrow (3)]
 11861 | Lair:3   | Shot with an arrow by Nessos

Levels and vault maps discovered:
D:1:      beargit_arrival_greenhouse, layout_basic,
          shapermc_ecumenical_altar_venn
D:2:      layout_basic, uniq_crazy_yiuf_cottage
D:3:      layout_loops_ring, mainiacjoe_overflow_brackets, marbit_many_paths,
          gammafunk_ghost_icy, cheibrodos_sewer_entry_sluice,
          serial_bayou_pond_c, serial_bayou_ford_a, uniq_ijyb
D:4:      minmay_evil_eye, layout_rooms,
          nicolae_dithmenos_through_a_glass_darkly, kennysheep_slug_shrine,
          kennysheep_pointless_box
D:5:      layout_basic, grunt_temple_overflow_open,
          mainiacjoe_overflow_chevrons, kennysheep_donut, uniq_blork_the_orc
D:6:      layout_gridville, serial_bayou_lagoon_a, uniq_pikel, uniq_grinder
D:7:      layout_rooms, nicolae_vehumet_radiance,
          minmay_temple_entry_large_hall, nicolae_eternal_life
D:8:      layout_loops_ring
D:9:      layout_small_grid, erik_lair_orcish_takeover, uniq_grum
Temple:   compressed_dpeg_triangle_lava_temple
Lair:1:   layout_gridlike, pond
Lair:2:   layout_chaotic_city, lemuel_fruit_tree
Lair:3:   layout_regular_city, elwin_shoals_entry_rocks,
          spider_nest_entry_funnel_web, kennysheep_rathole,
          serial_bayou_shore_a, uniq_nessos

Skill      XL: |  1  2  3  4  5  6  7  8  9 10 11 12 |
---------------+-------------------------------------+-----
Axes           | 2 3 5 6 7 9 10 11 12 | 12.0
Fighting       | 4 5 7 8 9 |  9.5
Dodging        | 1 2 |  2.1
Shields        | 7 8 9 10 | 10.6
Armour         | 5 6 7 8 |  8.3
Invocations    | 4 6 |  6.1
Throwing       | 2 3 |  3.0

Action                     |  1- 3 |  4- 6 |  7- 9 | 10-12 || total
---------------------------+-------+-------+-------+-------++-------
  Melee: War axe           |   155 |   148 |   321 |   572 ||  1196
         Morningstar       |       |       |       |     2 ||     2
  Throw: Javelin           |       |       |       |    28 ||    28
         Boomerang         |       |       |       |    14 ||    14
 Invoke: Heroism           |       |       |       |    22 ||    22
    Use: Scroll            |     4 |     3 |     7 |     4 ||    18
         Potion            |     1 |     1 |     1 |     1 ||     4
   Stab: Petrifying        |       |       |       |     2 ||     2
         Paralysed         |       |       |       |     1 ||     1
 Armour: Scale mail        |    90 |    62 |     1 |       ||   153
         Chain mail        |       |       |   156 |   282 ||   438
  Dodge: Dodged            |   107 |    91 |   193 |   336 ||   727
  Block: Buckler           |    37 |    37 |    18 |       ||    92
         Kite shield       |       |       |   130 |   367 ||   497

Table legend:
 A = Non-vault XP
 B = Vault XP
 C = Vault XP percentage of total XP
 D = Non-vault monster count
 E = Vault monster count
 F = Vault count percentage of total count
                 A         B        C        D         E       F
            +---------+---------+-------+---------+---------+-------
      Total |   22104 |    3666 |  14.2 |     230 |      49 |  17.6
            +---------+---------+-------+---------+---------+-------
        D:1 |      38 |       0 |   0.0 |      21 |       0 |   0.0
        D:2 |      32 |       0 |   0.0 |      18 |       0 |   0.0
        D:3 |      48 |      51 |  51.5 |      12 |       5 |  29.4
        D:4 |     480 |      50 |   9.4 |      19 |       4 |  17.4
        D:5 |     174 |      91 |  34.3 |       8 |       1 |  11.1
        D:6 |     898 |     908 |  50.3 |      18 |       2 |  10.0
        D:7 |    1631 |       0 |   0.0 |      27 |       0 |   0.0
        D:8 |    1269 |       0 |   0.0 |      10 |       0 |   0.0
        D:9 |    1563 |    1083 |  40.9 |      30 |      12 |  28.6
     Lair:1 |    8123 |    1178 |  12.7 |      30 |       7 |  18.9
     Lair:2 |    4348 |       0 |   0.0 |      25 |       0 |   0.0
     Lair:3 |    3500 |     142 |   3.9 |      12 |      10 |  45.5
      Sewer |       0 |     163 | 100.0 |       0 |       8 | 100.0
            +---------+---------+-------+---------+---------+-------
